 Dungeon Crawl Stone Soup version 0.30-b1-2-g02819fbbbe (webtiles) character file.

Game seed: 3977102628205902386

1896 Ashen the Ogre Mage (level 9, -2/88 HPs)
             Began as an Ogre Summoner on Sept 3, 2023.
             Slain by a steam dragon (10 damage)
             ... on level 6 of the Dungeon.
             The game lasted 00:19:33 (6306 turns).

Ashen the Ogre Mage (Ogre Summoner)                 Turns: 6306, Time: 00:19:33

Health: -2/88      AC:  3    Str: 14    XL:     9   Next: 15%
Magic:  16/19      EV: 10    Int: 20    God:
Gold:   104        SH:  0    Dex:  9    Spells: 9/22 levels left

rFire   . . .        k - +4 whip (venom)
rCold   . . .        (no shield)
rNeg    . . .        a - +0 robe
rPois   .            (helmet restricted)
rElec   .            (no cloak)
rCorr   .            (gloves unavailable)
SInv    .            (boots unavailable)
Will    .....        d - amulet of the acrobat
Stlth   +            (no ring)
HPRegen 0.34/turn    (no ring)
MPRegen 0.16/turn

%: acrobat
@: no status effects
A: large, unfitting armour, tough skin 1
a: no special abilities


You were on level 6 of the Dungeon.
You visited 2 branches of the dungeon, and saw 8 of its levels.

You collected 322 gold pieces.
You spent 218 gold pieces at shops.

Inventory:

Hand Weapons
 e - a +3 vampiric whip
 f - a +1 dagger of electrocution
 k - a +4 whip of venom (weapon)
 x - a +0 giant spiked club
Armour
 a - a +0 robe (worn)
Jewellery
 d - an amulet of the acrobat (around neck)
 v - a ring of flight
Wands
 w - a wand of flame (18)
Scrolls
 h - 2 scrolls of immolation {unknown}
 m - 2 scrolls of fear {unknown}
 n - a scroll of acquirement {unknown}
 o - a scroll of torment {unknown}
 p - 2 scrolls of teleportation
 q - 2 scrolls of identify
 r - 2 scrolls of magic mapping
 s - 2 scrolls of enchant armour
 u - 4 scrolls of amnesia {unknown}
 y - 3 scrolls of silence {unknown}
 B - a scroll of blinking {unknown}
Potions
 b - 2 potions of magic
 c - 10 potions of curing
 g - a potion of mutation {unknown}
 i - a potion of attraction
 j - 2 potions of flight
 l - a potion of haste
 t - a potion of resistance
 z - a potion of ambrosia
 A - a potion of invisibility


   Skills:
 + Level 5.4 Fighting
 + Level 3.6 Maces & Flails
 + Level 4.3 Dodging
 - Level 1.4 Stealth
 * Level 7.2 Spellcasting
 * Level 6.7 Summonings


You had 9 spell levels left.
You knew the following spells:

 Your Spells              Type           Power      Damage    Failure   Level
a - Summon Small Mammal   Summ           100%       N/A       1%          1
b - Call Imp              Summ           68%        N/A       1%          2
c - Call Canine Familiar  Summ           34%        N/A       1%          3
d - Summon Guardian Gole  Hex/Summ       20%        N/A       7%          3
e - Summon Lightning Spi  Summ/Air       20%        N/A       22%         4

Your spell library contained the following spells:

 Spells                   Type           Power      Damage    Failure   Level
 Cigotuvi's Dreadful Rot  Necr/Pois/Air  14%        N/A       14%         2
 Ignite Poison            Fire/Tmut/Pois 7%         N/A       28%         3
 Freezing Cloud           Conj/Ice/Air   3%         6-21      95%         5


Dungeon Overview and Level Annotations

Branches:
Dungeon (7/15)             Temple (1/1) D:5

Altars:
Ashenzari
Cheibriados
Dithmenos
Elyvilon
Gozag
Hepliaklqana
Makhleb
Nemelex Xobeh
Qazlal
Ru
Uskayaw
Vehumet
Wu Jian
Xom
Yredelemnul
Zin

Shops:
D:1 (   D:2 =   D:3 ?   D:4 !:((*


Innate Abilities, Weirdness & Mutations

You are too large for most types of armour.
You have tough skin. (AC +1)


Message History

You are engulfed in a cloud of scalding steam.
The orc barely misses you.
The orc is engulfed in a cloud of scalding steam.
The orc dies!
The steam dragon bites you but does no damage.
The steam dragon claws you. The orc attacks as you move away!
The orc hits you with a +0 dagger.
You are engulfed in a cloud of scalding steam.
Items here: ( )) †.
The steam dragon attacks as you move away!
The steam dragon completely misses you. The steam dragon misses you.
The orc hits you with a +0 flail.
There is a stone staircase leading up, spattered with blood here.
The steam dragon looks more healthy.
The steam dragon barely misses you. The steam dragon closely misses you.
The orc barely misses you.
You climb upwards.
There is a stone staircase leading down, spattered with blood here.
Things that are here:
a +0 robe; a +0 dagger Cast which spell? (? or * to list)
The orc hits you with a +0 flail. The steam dragon bites you.
* * * LOW HITPOINT WARNING * * *
The steam dragon claws you but does no damage.
You closely miss the orc.
Your hound bites the orc but does no damage.
The steam dragon barely misses you. The steam dragon claws you.
* * * LOW HITPOINT WARNING * * *
The orc hits you with a +0 flail!
* * * LOW HITPOINT WARNING * * *
You barely miss the orc.
Your hound bites the orc but does no damage.
You barely miss the orc.
Your hound bites the orc.
The steam dragon bites you.
* * * LOW HITPOINT WARNING * * *
The steam dragon claws you.
* * * LOW HITPOINT WARNING * * *
The orc misses you.
Your hound bites the orc.
You hit the orc.
You kill the orc!
The steam dragon bites you!
You die...

#..# #.....#.....
#..# #.##.#.#....
#..# ##.##.#.#####
#..###..)#.#.#
#......#.....#####
#.####...#.####...
#h# ##.##......##
#)# #.##########
#@# #.# #. #D#
#.#########. #.#
#...........
######)#
#######.....
#......# #.###†
#.###### #.# ## #.#
###.### #.# #.....#
#.#
############.....##


You could see a steam dragon (ally target) and a friendly hound (summoned).

Vanquished Creatures
  A kobold brigand (D:6)
  2 bullfrogs
  3 wights
  4 hounds
  A jelly (D:4)
  2 orc priests (D:5)
  Jessica (D:2)
  3 iguanas
  2 orc wizards
  4 gnolls (D:5)
  6 adders
  2 white imps
  2 ufetubi
  4 worms
  4 dart slugs
  19 orcs
  4 bats
  4 endoplasms
  4 giant cockroaches
  4 goblins
  8 hobgoblins
  4 jackals
  20 kobolds
  3 quokkas
  10 ball pythons
  3 frilled lizards
  8 rats
132 creatures vanquished.

Vanquished Creatures (collateral kills)
  A black bear (D:6)
  5 ogres
  A phantom (D:4)
  2 scorpions
  A wight (D:5)
  A howler monkey (D:6)
  A sleepcap (D:5)
  An orc wizard (D:6)
  6 adders
  A worm (D:2)
  4 orcs
  An endoplasm (D:1)
  A hobgoblin (D:2)
  2 jackals
  A bat (D:1)
  3 goblins
  2 kobolds (D:2)
  2 butterflies (D:5)
36 creatures vanquished.

Vanquished Creatures (others)
  An orc wizard (D:6)
  An orc (D:7)
  A bush (D:5)
  A butterfly (D:5)
4 creatures vanquished.

Grand Total: 172 creatures vanquished

Notes
Turn   | Place    | Note
-------+----------+-------------------------------------------
     0 | D:1      | Ashen the Ogre Summoner began the quest for the Orb.
     0 | D:1      | Reached XP level 1. HP: 16/16 MP: 3/3
   210 | D:1      | Reached XP level 2. HP: 26/26 MP: 2/5
   413 | D:1      | Found Wisme's Weapon Emporium.
   436 | D:1      | Reached skill level 1 in Fighting
   510 | D:1      | Reached skill level 3 in Spellcasting
   510 | D:1      | Reached XP level 3. HP: 33/33 MP: 5/7
   895 | D:3      | Noticed Jessica
   905 | D:2      | Learned a level 2 spell: Call Imp
   909 | D:2      | Killed Jessica
   910 | D:2      | Reached XP level 4. HP: 32/41 MP: 2/9
  1216 | D:2      | Reached skill level 1 in Maces & Flails
  1216 | D:2      | Reached XP level 5. HP: 48/49 MP: 6/10
  1643 | D:2      | Reached skill level 4 in Spellcasting
  1652 | D:2      | Learned a level 3 spell: Call Canine Familiar
  1656 | D:2      | Learned a level 3 spell: Summon Guardian Golem
  1903 | D:2      | Found Tuime's Jewellery Shop.
  1908 | D:2      | Found a faded altar of an unknown god.
  2265 | D:3      | Reached XP level 6. HP: 53/58 MP: 12/12
  2320 | D:3      | Found an ornate altar of the Wu Jian Council.
  2406 | D:3      | Found Jaid's Magic Scroll Shoppe.
  2409 | D:3      | Bought a scroll of teleportation for 33 gold pieces
  2409 | D:3      | Bought a scroll of magic mapping for 82 gold pieces
  2409 | D:3      | Bought a scroll of enchant armour for 82 gold pieces
  2429 | D:3      | Found a hazy altar of Hepliaklqana.
  2599 | D:3      | Learned a level 4 spell: Summon Lightning Spire
  2665 | D:4      | Found Hore's Book Boutique.
  2708 | D:4      | Found Seel's Weapon Boutique.
  3095 | D:4      | Reached skill level 5 in Spellcasting
  3095 | D:4      | Reached skill level 5 in Summonings
  3095 | D:4      | Reached XP level 7. HP: 67/67 MP: 7/14
  3384 | D:4      | Found Ylluorun's Distillery.
  3491 | D:4      | Found Xesazuri's Weapon Shoppe.
  3498 | D:4      | Found a sparkling altar of Nemelex Xobeh.
  3661 | D:4      | Found Joss's Assorted Antiques.
  3664 | D:4      | Bought a lumpy brown potion for 21 gold pieces
  3697 | D:5      | Entered Level 5 of the Dungeon
  3849 | D:5      | Found a staircase to the Ecumenical Temple.
  3864 | Temple   | Entered the Ecumenical Temple
  4120 | D:5      | Reached XP level 8. HP: 68/78 MP: 12/16
  4407 | D:5      | Reached skill level 6 in Spellcasting
  4754 | D:5      | Found a white marble altar of Elyvilon.
  5469 | D:6      | Reached skill level 5 in Fighting
  5652 | D:6      | Reached skill level 7 in Spellcasting
  5652 | D:6      | Reached XP level 9. HP: 76/88 MP: 19/19
  6306 | D:6      | Slain by a steam dragon

Illustrated notes

Levels and vault maps discovered:
D:1:      matt_arrival_grand_opening, layout_basic, serial_shops,
          nicolae_shop_bloodbath_and_beyond, minmay_heptomino_h4
D:2:      minmay_razor_zed, layout_rooms, serial_shops, shop,
          hellmonk_ecumenical_altar_arch_garden, grunt_ministairs_4,
          kennysheep_generic_room_6
D:3:      layout_rooms, mainiacjoe_overflow_catwalk,
          worldfamousw_hep_ancestral_shrine, serial_shops,
          nicolae_shop_rolled_up, uniq_jessica
D:4:      layout_loops_ring, mainiacjoe_overflow_tiny_flanked, serial_shops,
          nicolae_shop_tiny_statue_garden, nicolae_diamond_shop,
          kennysheep_mini, shop, shop_fountains, wad_rectangle_vault
D:5:      layout_basic, nicolae_elyvilon_peaceful_grove,
          minmay_temple_entry_butterflies
D:6:      layout_loops_ring
D:7:      gammafunk_steamed_eel, layout_cave_pools, fedhas_ov_isle_minmay,
          marbit_many_paths
Temple:   hellmonk_temple_two_chambers

Skill      XL: |  1  2  3  4  5  6  7  8 |
---------------+-------------------------+-----
Fighting       | 1 2 3 5 |  5.4
Spellcasting   | 3 4 5 7 |  7.2
Dodging        | 2 3 4 |  4.3
Summonings     | 4 5 6 |  6.7
Maces & Flails | 1 2 3 |  3.6
Stealth        | |  1.4

Action                     |  1- 3 |  4- 6 |  7- 9 || total
---------------------------+-------+-------+-------++-------
  Melee: Unarmed           |    56 |       |       ||    56
         Punch             |     1 |     1 |     3 ||     5
         Club              |    11 |       |       ||    11
         Whip              |    55 |   134 |   221 ||   410
   Cast: Summon Small Mamm |    21 |     9 |     1 ||    31
         Call Imp          |     1 |     8 |     3 ||    12
         Call Canine Famil |       |     4 |    23 ||    27
         Summon Guardian G |       |       |     1 ||     1
    Use: Scroll            |       |       |     8 ||     8
   Stab: Sleeping          |       |     1 |     1 ||     2
         Distracted        |       |       |     2 ||     2
 Armour: Robe              |    46 |    24 |    35 ||   105
  Dodge: Dodged            |    95 |   122 |   120 ||   337
